Map: Disco Bloodbath LE

Players

pHARM

  • Race: Zerg Zerg
  • League: Platinum
  • Spawn Location: 3:00

Asunder - Winner!

  • Race: Terran Terran
  • League: Diamond
  • Spawn Location: 9:00

VOD

Have the link to the VOD?

Description

Time

  • Played on: Sept. 30, 2019, 5:51 p.m.
  • Length: 10:54
Show
View Real Time Build Order
Export as new Build Order

pHARM Zerg 

Build Orders: Hatch First 

Get SALT Encoding   

  12  0:01  Drone  
  13  0:15  Overlord  
  13  0:23  Drone  
  14  0:34  Drone x2  
  16  1:04  Hatchery  
  15  1:11  Drone  
  15  1:12  Drone x2  
  18  1:18  Spawning Pool  
  17  1:35  Drone x2  
  19  1:40  Extractor  
  18  1:51  Drone  
  19  1:55  Drone  
  20  2:05  Drone  
  21  2:15  Queen  
  21  2:18  Zergling x4  
  21  2:19  Queen  
  27  2:43  Metabolic Boost  
  27  2:47  Drone  
  27  2:50  Overlord x2  
  28  3:08  Queen, Spine Crawler  
  28  3:09  Spine Crawler  
  28  3:11  Drone x6  
  34  3:19  Baneling Nest  
  33  3:32  Drone x7  
  40  3:52  Drone x4  
  44  4:04  Evolution Chamber  
  44  4:06  Evolution Chamber  
  44  4:08  Lair  
  42  4:22  Baneling  
  42  4:23  Baneling x3  
  44  4:38  Zergling x4  
  44  4:39  Overlord x2  
  44  4:40  Overlord x2  
  44  4:44  Extractor  
  43  4:46  Extractor  
  42  4:59  Zergling x12  
  46  5:09  Zergling x6  
  38  5:54  Drone  
  38  5:55  Drone x8  
  47  6:11  Zerg Ground Armor Level 1  
  47  6:12  Zerg Melee Weapons Level 1  
  47  6:32  Hatchery  
  46  6:47  Zergling x20  
  46  6:48  Zergling x4  
  57  7:04  Zergling x4  
  59  7:09  Baneling x12  
  59  7:11  Zergling x4  
  61  7:16  Centrifical Hooks  
  61  7:19  Extractor  
  60  7:24  Hydralisk Den  
  58  7:41  Zergling x2  
  58  7:42  Zergling x16  
  52  8:02  Baneling x13  
  52  8:03  Baneling x2  
  52  8:04  Zergling x10  
  57  8:08  Hatchery  
  46  8:42  Zergling x18  
  51  8:59  Grooved Spines  
  51  9:05  Infestation Pit  
  48  9:23  Drone x3  
  48  9:24  Drone x4  
  54  9:35  Zergling x4  
  54  9:36  Zergling x10  
  59  9:42  Baneling  
  59  9:43  Baneling x7  
  59  10:02  Overlord x5  
  59  10:11  Baneling x2  
  59  10:12  Baneling x12  
Show
View Real Time Build Order
Export as new Build Order

Asunder Terran - Winner!

Build Orders: Command Center First (CC) 

Get SALT Encoding   

  12  0:02  SCV  
  13  0:15  SCV  
  13  0:19  Supply Depot  
  14  0:27  SCV  
  15  0:41  SCV  
  16  0:53  SCV  
  17  1:02  Command Center  
  17  1:08  SCV  
  18  1:20  SCV  
  19  1:27  Barracks  
  19  1:32  SCV  
  20  1:44  Barracks, SCV  
  21  1:52  Barracks  
  21  1:56  SCV  
  22  2:10  Barracks  
  22  2:16  Orbital Command  
  22  2:20  Marine  
  23  2:23  Orbital Command  
  23  2:38  Marine  
  23  2:44  Marine x2  
  24  2:47  SCV  
  27  2:52  Supply Depot  
  27  2:56  Marine, SCV  
  29  2:59  SCV  
  29  3:01  Marine  
  29  3:02  Marine  
  29  3:03  Marine  
  29  3:05  Supply Depot  
  33  3:08  SCV  
  33  3:11  SCV  
  35  3:14  Marine  
  35  3:17  Supply Depot  
  35  3:19  Marine  
  37  3:20  Marine  
  37  3:21  Marine, SCV  
  37  3:23  SCV  
  41  3:32  Marine  
  41  3:33  SCV  
  43  3:35  SCV, Supply Depot  
  43  3:37  Marine  
  43  3:38  Marine x2  
  47  3:45  SCV  
  48  3:48  SCV  
  48  3:49  Marine  
  48  3:55  Marine x2  
  51  3:56  Marine, Supply Depot  
  51  3:57  SCV  
  51  4:00  SCV  
  55  4:03  Barracks  
  55  4:07  Supply Depot  
  55  4:25  Marine x2  
  55  4:26  Marine x2  
  59  4:32  Barracks  
  59  4:33  Barracks  
  59  4:34  Command Center  
  59  4:35  Barracks  
  59  4:36  SCV, Supply Depot  
  59  4:37  SCV  
  61  4:43  Marine x2  
  61  4:44  Marine  
  64  4:48  SCV  
  64  4:49  SCV  
  64  4:51  Marine  
  67  5:01  Marine  
  67  5:11  Marine x4  
  71  5:19  Marine  
  71  5:21  Barracks  
  72  5:24  Barracks  
  72  5:26  Barracks  
  72  5:27  Barracks  
  72  5:28  Marine x3  
  73  5:29  Marine x4  
  73  5:31  SCV x2  
  81  5:37  Marine  
  82  5:43  Supply Depot  
  82  5:46  Marine  
  68  5:53  Marine x6  
  68  5:54  Marine  
  75  6:02  Orbital Command  
  75  6:03  Marine  
  76  6:04  SCV  
  76  6:05  SCV  
  76  6:07  Supply Depot  
  76  6:10  Marine  
  76  6:11  Marine x4  
  80  6:14  Barracks  
  80  6:17  Marine, SCV x2  
  86  6:20  Marine  
  87  6:27  Supply Depot  
  87  6:30  Supply Depot x2  
  87  6:32  Engineering Bay  
  86  6:36  SCV x3  
  86  6:39  Marine x7  
  95  6:40  Marine  
  96  6:51  Supply Depot  
  96  7:01  Marine  
  96  7:02  Marine x3  
  100  7:16  Missile Turret  
  100  7:17  Missile Turret x2  
  100  7:18  Marine  
  100  7:19  Marine x8  
  100  7:20  Marine x3  
  100  7:21  Missile Turret  
  100  7:22  Missile Turret  
  112  7:25  Missile Turret  
  112  7:28  Missile Turret x2  
  112  7:29  SCV x3, Missile Turret x2  
  115  7:30  Marine  
  115  7:35  Missile Turret  
  115  7:36  Marine x2  
  110  7:42  Marine  
  110  7:44  Marine x8  
  93  7:45  Marine  
  102  7:55  Marine  
  102  7:56  Marine x2  
  102  7:57  Missile Turret x2  
  105  7:59  Marine  
  105  8:04  Missile Turret  
  104  8:17  Marine  
  104  8:18  Marine x12  
  103  8:35  Marine x6  
  103  8:36  Marine x5  
  105  8:45  Marine  
  105  8:46  Marine  
  105  8:48  SCV x2  
  103  8:51  Barracks  
  103  8:53  Marine x6  
  103  8:54  Barracks  
  109  8:56  Barracks  
  109  9:05  Marine x5  
  109  9:06  Marine x2  
  116  9:10  Marine  
  116  9:11  Marine x2  
  115  9:17  Marine x2  
  115  9:20  Marine  
  115  9:23  Marine x5  
  119  9:25  Marine  
  119  9:27  Command Center  
  120  9:39  Marine  
  120  9:42  Supply Depot  
  120  9:43  Supply Depot  
  121  9:50  Marine x14  
  121  9:51  Marine  
  136  9:57  Marine  
  136  10:02  SCV x3  
  136  10:06  Supply Depot  
  139  10:07  Marine, Supply Depot  
  139  10:08  Marine x11  
  151  10:15  Marine x4  
  155  10:25  Marine  
  155  10:26  Marine x9  
  161  10:31  Marine  
  161  10:32  Marine x2  
  161  10:33  Marine x3  
  144  10:52  Barracks  
Tags
 
Add a new tag
Caveats
  • Supply blocks, unpowered buildings, or Contaminate may cause inaccurate times.
  • Supply counts are checked every 10 seconds.